 Dungeon Crawl Stone Soup version 0.29.1-2-gbd0b4ee654 (webtiles) character file.

Game seed: 10032479040784839598

932 xian the Shield-Bearer (level 8, 0/42 HPs)
             Began as a Vine Stalker Fighter on Nov 8, 2022.
             Was a Follower of Ashenzari.
             Succumbed to a killer bee's poison
             ... on level 5 of the Dungeon.
             The game lasted 00:11:32 (3142 turns).

xian the Shield-Bearer (Vine Stalker Fighter)       Turns: 3142, Time: 00:11:33

Health: 0/42       AC: 10    Str: 21    XL:     8   Next: 11%
Magic:  1/9        EV:  8    Int:  8    God:    Ashenzari [*.....]
Gold:   254        SH: 10    Dex: 14    Spells: 7/7 levels left

rFire   x . .      SeeInvis +   t - +7 hammer of Lemefutt {flame, rF- rN+++ rCorr SInv}
rCold   . . .      Faith    .   c - +0 buckler "Vexation of Ashenzari" {Evo, Melee} (curse)
rNeg    + + +      Spirit   +   h - +0 chain mail
rPois   .          Reflect  +   (no helmet)
rElec   .          Harm     .   a - +0 cloak
rCorr   +          Rampage  .   (no gloves)
Will    +....                   (no boots)
Stlth   ..........              l - amulet of the Enigmatic Ennui {Reflect SH+5, Self, Fort} (curse)
HPRegen 0.94/turn               (no ring)
MPRegen 0.11/turn               (no ring)

@: lethally poisoned (0 -> 0)
A: fangs 3, regeneration 1, magic shield, antimagic bite, no potion heal 2
a: Renounce Religion, Curse Item, Shatter the Chains


You were on level 5 of the Dungeon.
You worshipped Ashenzari.
Ashenzari was aware of your devotion.
You visited 1 branch of the dungeon, and saw 5 of its levels.

You collected 254 gold pieces.

Inventory:

Hand Weapons
 t - the +7 hammer of Lemefutt (weapon) {flame, rF- rN+++ rCorr SInv}
   (You found it on level 3 of the Dungeon)

   It burns those it strikes, dealing additional fire damage.
   rF:        It makes you vulnerable to fire.
   rN:        It renders you almost immune to negative energy.
   SInv:      It lets you see invisible.
   rCorr:     It protects you from acid and corrosion.
Missiles
 m - 5 poisoned darts (quivered)
 v - 4 boomerangs
Armour
 a - a +0 cloak (worn)
 c - the cursed +0 buckler "Vexation of Ashenzari" (worn) {Evo, Melee}

   It has a curse which improves the following skills: Evocations: Evocations.
   Melee Combat: Short Blades, Long Blades, Axes, Maces & Flails, Polearms,
   Staves and Unarmed Combat.
 h - a +0 chain mail (worn)
Magical Staves
 p - a staff of conjuration
Jewellery
 l - the cursed amulet of the Enigmatic Ennui (around neck) {Reflect SH+5, Self, Fort}
   (You found it on level 1 of the Dungeon)

   [amulet of reflection]

   It reflects blocked missile attacks.
   SH:        It affects your SH (+5).
   It has a curse which improves the following skills: Introspection: Fighting
   and Spellcasting.
   Fortitude: Armour and Shields.
 s - an amulet of the acrobat
Scrolls
 b - a scroll of magic mapping
 d - a scroll of enchant weapon
 e - 3 scrolls of butterflies
 g - a scroll of blinking
 j - a scroll of silence
 n - 2 scrolls of enchant armour
 r - a scroll of teleportation
Potions
 i - 6 potions of heal wounds
 k - a potion of haste
 o - a potion of attraction
 q - a potion of degeneration
 u - a potion of mutation


   Skills:
 + Level 4.1(4.9) Fighting
 + Level 4.5(5.7) Axes
 + Level 2.4(4.4) Maces & Flails
 + Level 0.6 Throwing
 + Level 3.8(4.6) Armour
 + Level 1.3 Dodging
 + Level 0.4 Stealth
 + Level 4.7(5.5) Shields


You had 7 spell levels left.
You didn't know any spells.
Your spell library contained the following spells:

 Spells                   Type           Power      Damage    Failure   Level
 Gell's Gravitas          Tloc           0%         N/A       100%        3
 Lesser Beckoning         Tloc           0%         N/A       100%        3
 Teleport Other           Tloc           0%         N/A       100%        3


Dungeon Overview and Level Annotations

Branches:
Dungeon (5/15)
 Temple: D:4-7

Altars:
Ashenzari
Dithmenos
Hepliaklqana
Yredelemnul


Innate Abilities, Weirdness & Mutations

You have razor-sharp teeth.
Your natural rate of healing is unusually fast.
When hurt, damage is shared between your health and your magic reserves.
Your bite disrupts and absorbs the magic of your enemies.
Potions cannot restore your health.


Message History

The killer bee stings you but does no damage.
The orc hits you with a +0 dagger. The orc hits you with a +0 flail.
As you read the scroll of teleportation, it crumbles to dust.
You feel strangely unstable.
You feel very sick.
The killer bee stings you but does no damage.
The killer bee barely misses you. You block the orc's attack.
The orc hits you but does no damage. You block the orc's attack.
Unknown command.
You hit the killer bee. You burn the killer bee.
You kill the killer bee!
You feel very sick. The orc barely misses you. You block the orc's attack.
The gnoll hits you from afar with a +0 halberd of venom!
* * * LOW HITPOINT WARNING * * *
The orc closely misses you.
You hit the orc. You burn the orc.
You kill the orc!
* * * LOW HITPOINT WARNING * * *
You feel very sick. You block the orc's attack. The gnoll barely misses you.
You block the orc's attack.
The gnoll hits you from afar with a +0 halberd of venom.
Okay, then.
The gnoll attacks as you move away! You block the gnoll's attack.
Your surroundings suddenly seem different.
A jelly and 2 kobolds come into view.
You feel sick.
The kobold shouts! x2
The kobold throws a stone.
The stone hits you.
* * * LOW HITPOINT WARNING * * *
Okay, then.
* * * LOW HITPOINT WARNING * * *
You feel sick.
The kobold throws a stone.
You reflect the stone off an invisible shield around you!
The stone barely misses the kobold.
The kobold throws a stone.
The stone hits you but does no damage.
* * * LOW HITPOINT WARNING * * *
You feel sick.
The kobold throws a stone.
The stone barely misses you.
You die...

## ##.#
###...###
###.......##
#..........##
#..K........##
#....J##.....##
##......#.@....#
#.......#....###
#.............#
##..K.###......#
#..... #...#..#
##... ...###...
#... .#.# ....
.... ..### ...
.... ..


There were no monsters in sight!

Vanquished Creatures
  Grinder (D:3)
  Edmund (D:4)
  A phantom (D:4)
  3 killer bees (D:5)
  2 orc priests (D:4)
  Crazy Yiuf (D:3)
  3 orc wizards
  An iguana (D:4)
  7 gnolls
  7 adders
  3 worms
  3 dart slugs
  13 orcs
  10 ball pythons
  4 bats
  5 endoplasms
  10 goblins
  10 hobgoblins
  2 quokkas
  2 frilled lizards
  7 kobolds
  7 rats
103 creatures vanquished.

Notes
Turn   | Place    | Note
-------+----------+-------------------------------------------
     0 | D:1      | xian the Vine Stalker Fighter began the quest for the Orb.
     0 | D:1      | Reached XP level 1. HP: 11/11 MP: 2/2
    73 | D:1      | Reached XP level 2. HP: 15/16 MP: 1/3
   376 | D:1      | Found a faded altar of an unknown god.
   425 | D:1      | Prayed at the altar of an unknown god.
   425 | D:1      | Became a worshipper of Ashenzari the Shackled
   457 | D:1      | Reached XP level 3. HP: 20/20 MP: 4/4
  1281 | D:2      | Gained mutation: Your natural rate of healing is unusually
                  | fast. [Vine Stalker growth]
  1281 | D:2      | Reached XP level 4. HP: 24/24 MP: 5/5
  1690 | D:3      | Noticed Grinder
  1704 | D:3      | Killed Grinder
  1705 | D:3      | Reached XP level 5. HP: 19/28 MP: 3/6
  1705 | D:3      | Reached XP level 6. HP: 22/32 MP: 3/7
  1705 | D:3      | Reached * piety under Ashenzari
  2144 | D:3      | Found a shadowy altar of Dithmenos.
  2147 | D:3      | Found a hazy altar of Hepliaklqana.
  2151 | D:3      | Found a basalt altar of Yredelemnul.
  2296 | D:3      | Identified the +7 hammer of Lemefutt {flame, rF- rN+++
                  | rCorr SInv}
  2298 | D:3      | Reached ** piety under Ashenzari
  2300 | D:3      | Found a runed translucent door.
  2303 | D:3      | Noticed Crazy Yiuf
  2327 | D:3      | Killed Crazy Yiuf
  2412 | D:4      | Reached XP level 7. HP: 36/38 MP: 5/8
  2509 | D:4      | Reached skill level 1 in Dodging
  2606 | D:4      | Noticed Edmund
  2616 | D:4      | Killed Edmund
  2617 | D:4      | Reached skill level 1 in Maces & Flails
  3033 | D:5      | Entered Level 5 of the Dungeon
  3116 | D:5      | Gained mutation: You have razor-sharp teeth. [Vine Stalker
                  | growth]
  3116 | D:5      | Reached XP level 8. HP: 32/42 MP: 7/9
  3139 | D:5      | HP: 2/42 [kobold/stone (2)]
  3142 | D:5      | Succumbed to a killer bee's poison

Illustrated notes

Levels and vault maps discovered:
D:1:      dpeg_arrival_rooms_b, layout_rooms,
          chequers_ecumenical_altar_simple_redux, amcnicky_mini_corridor_feature
D:2:      layout_basic
D:3:      layout_basic, grunt_temple_overflow_diamond, st_stairs_1,
          roderic_serpentine_path, minmay_unequal, uniq_grinder,
          uniq_crazy_yiuf_cottage
D:4:      layout_rooms, minmay_surrounded, uniq_edmund
D:5:      layout_cave_pools

Skill      XL: |  1  2  3  4  5  6  7 |
---------------+----------------------+-----
Fighting       | 3 4 |  4.1
Shields        | 3 4 |  4.7
Axes           | 2 3 4 |  4.5
Armour         | 3 |  3.8
Dodging        | 1 |  1.3
Maces & Flails | 2 |  2.4
Throwing       | |  0.6
Stealth        | |  0.4

Action                   |  1- 3 |  4- 6 |  7- 9 || total
-------------------------+-------+-------+-------++-------
Melee: War axe           |    76 |    75 |       ||   151
       Bite              |     9 |    25 |    23 ||    57
       Mace              |       |    16 |    98 ||   114
Throw: Dart              |       |     4 |     4 ||     8
Invok: Curse Item        |     1 |     2 |       ||     3
       Shatter the Chain |       |     1 |       ||     1
  Use: Scroll            |     3 |     1 |     2 ||     6
       Potion            |       |     1 |     1 ||     2
Armor: Scale mail        |    23 |       |       ||    23
       Chain mail        |    42 |    34 |    72 ||   148
Dodge: Dodged            |    42 |    21 |    46 ||   109
Block: Buckler           |    26 |    57 |   102 ||   185
       Reflection        |       |     2 |     1 ||     3
